 Dungeon Crawl Stone Soup version 0.32-a0-876-gcfddb08e57 (webtiles) character file.

Game seed: 1384197800892706556

303 jestert79 the Shooter (level 6, 3/44 HPs)
             Began as a Coglin Hunter on Apr 1, 2024.
             Was a Believer of Dithmenos.
             Quit the game on level 4 of the Dungeon.
             The game lasted 00:05:59 (2463 turns).

jestert79 the Shooter (Coglin Hunter)               Turns: 2463, Time: 00:06:00

Health: 3/44       AC:  4    Str: 12    XL:     6   Next: 38%
Magic:  6/6        EV: 11    Int:  8    God:    Dithmenos [**....]
Gold:   161        SH:  0    Dex: 19    Spells: 5/5 levels left

rFire   . . .        a - +2 sling {Minjee}
rCold   . . .        d - +0 sling {Caihong}
rNeg    . . .        c - +0 leather armour
rPois   .            (no helmet)
rElec   .            f - +0 cloak
rCorr   .            (no gloves)
SInv    .            (no boots)
Will    .....        (amulet unavailable)
Stlth   ++           (ring unavailable)
HPRegen 0.27/turn    (ring unavailable)
MPRegen 0.10/turn    (no gizmo)

%: no passive effects
@: wreathed by umbra, revved
A: off-hand wielding, slow wielding, warmup strikes, no jewellery
a: Invent Gizmo, Renounce Religion, Shadow Step


You were on level 4 of the Dungeon.
You worshipped Dithmenos.
Dithmenos was pleased with you.
You visited 1 branch of the dungeon, and saw 4 of its levels.

You collected 161 gold pieces.

Inventory:

Hand Weapons
 a - a +2 sling (weapon) {Minjee}
 d - a +0 sling (offhand) {Caihong}
Armour
 c - a +0 leather armour (worn)
 f - a +0 cloak (worn)
Scrolls
 b - a scroll of butterflies
 e - 2 scrolls of teleportation {unknown}
 h - 3 scrolls of identify {unknown}
 j - a scroll of summoning {unknown}
 k - a scroll of enchant armour {unknown}
 m - a scroll of poison {unknown}
 n - a scroll of revelation {unknown}
 o - a scroll of fog {unknown}
 q - a scroll of noise {unknown}
Potions
 g - 3 potions of heal wounds {unknown}
 i - 2 potions of haste {unknown}
 l - a potion of resistance {unknown}
 p - 2 potions of lignification {unknown}


   Skills:
 - Level 2.0 Fighting
 + Level 6.8 Ranged Weapons
 - Level 1.7 Dodging
 - Level 0.7 Stealth


You had 5 spell levels left.
You didn't know any spells.
Your spell library contained the following spells:

 Spells                   Type           Power      Damage    Failure   Level
 Apportation              Tloc           0%         N/A       50%         1
 Jinxbite                 Hex            0%         N/A       63%         2
 Alistair's Intoxication  Alch           0%         N/A       100%        5


Dungeon Overview and Level Annotations

Branches:
Dungeon (4/15)
 Temple: D:4-7

Altars:
Dithmenos
Ru

Annotations:
D:3 1 runed translucent door, NotBatman's ghost, weakling MDFi


Innate Abilities, Weirdness & Mutations

You can wield a second weapon in your off-hand.
It takes a long time for you to wield or remove held weapons.
Your first few attacks do less damage.
You cannot equip rings or amulets.


Message History

Unknown command.
You clumsily bash the quokka but do no damage. x2
The orc misses you. The giant cockroach barely misses you.
The quokka bites you. Something hits you. The orc hits you but does no damage.
The giant cockroach bites you but does no damage.
The quokka barely misses you. The orc attacks as it pursues you!
The orc hits you but does no damage.
Unknown command.
You barely miss the giant cockroach with your +2 sling.
The giant cockroach is moderately wounded.
You closely miss the giant cockroach with your +0 sling.
The giant cockroach bites you but does no damage.
The quokka barely misses you. The orc closely misses you.
The giant cockroach bites you but does no damage.
The quokka barely misses you.
You clumsily bash something but do no damage.
You closely miss something with your +2 sling.
Something hits you. The orc closely misses you.
The giant cockroach bites you but does no damage.
The quokka barely misses you. Something hits you but does no damage.
The orc misses you.
Unknown command.
You miss the quokka with your +0 sling. You miss the quokka with your +2 sling.
You feel less confused. The giant cockroach barely misses you.
The quokka closely misses you. Something hits you.
The orc hits you with a +0 flail. The giant cockroach misses you.
The quokka barely misses you.
Unknown command.
You shoot a sling bullet. x2; Something hits you.
* * * LOW HITPOINT WARNING * * *
The giant cockroach bites you.
* * * LOW HITPOINT WARNING * * *
The quokka bites you but does no damage.
The orc hits you with a +0 flail!
* * * LOW HITPOINT WARNING * * *
Unknown command.
Welcome back, jestert79 the Coglin Hunter.
Dithmenos says: Spread the eternal night.
Press ? for a list of commands and other information.
Are you sure you want to abandon this character and quit the game? (Confirm with "yes".)

..............#..). ###
..............#.... ...
..................# ###
....)............)####
..................†..###
#.............#.......#
##.#............#####..####
...........Bo...# #>†...###
...#......r@...#####........
#..)....#.{.[...............
#.##.##..................#..
) ...#...[...............###
....<.[..................# #
##...................#..##
##....).............##.####
...................#......
#.....>......[....#####


You could see an orc, a quokka and a giant cockroach.

Vanquished Creatures
  A gnoll sergeant (D:3)
  A bombardier beetle (D:3)
  An orc priest (D:2)
  2 iguanas (D:4)
  3 gnolls (D:3)
  2 adders
  3 dart slugs
  2 ribbon worms
  6 orcs
  5 bats
  3 endoplasms
  2 giant cockroaches
  6 goblins
  8 hobgoblins
  6 kobolds
  3 quokkas
  5 ball pythons
  6 frilled lizards
  5 rats
70 creatures vanquished.

Notes
Turn   | Place    | Note
-------+----------+-------------------------------------------
     0 | D:1      | jestert79 the Coglin Hunter began the quest for the Orb.
     0 | D:1      | Reached XP level 1. HP: 16/16 MP: 1/1
   243 | D:1      | Reached skill level 4 in Ranged Weapons
   243 | D:1      | Reached XP level 2. HP: 18/22 MP: 2/2
   513 | D:1      | Found a faded altar of an unknown god.
   526 | D:1      | Prayed at the altar of an unknown god.
   526 | D:1      | Became a worshipper of Dithmenos the Shadowed
   526 | D:1      | Reached * piety under Dithmenos
   841 | D:2      | Found a sacrificial altar of Ru.
  1007 | D:2      | Reached XP level 3. HP: 27/27 MP: 3/3
  1115 | D:2      | Identified the +3 ring mail of Reason {rF+}
  1511 | D:3      | Found a runed translucent door.
  1511 | D:3      | Noticed NotBatman's ghost (weakling MDFi)
  1538 | D:3      | Noticed a gnoll sergeant
  1551 | D:3      | Reached ** piety under Dithmenos
  1552 | D:3      | Reached skill level 5 in Ranged Weapons
  1552 | D:3      | Reached XP level 4. HP: 33/33 MP: 4/4
  1555 | D:3      | Killed a gnoll sergeant
  1556 | D:3      | Reached XP level 5. HP: 30/38 MP: 5/5
  1807 | D:3      | Reached skill level 6 in Ranged Weapons
  2166 | D:3      | Reached XP level 6. HP: 44/44 MP: 6/6
  2463 | D:4      | Quit the game

Illustrated notes

Levels and vault maps discovered:
D:1:      roadster_arrival_rocket_small, layout_loops_corners,
          ebering_ecumenical_altar_ruins, nicolae_houndstooth_variations
D:2:      layout_basic, basic_altar, serial_forest,
          infiniplex_forest_clump_tiny, infiniplex_forest_lined_2,
          infiniplex_forest_lined_1, infiniplex_forest_end_2,
          infiniplex_forest_diagonal, infiniplex_forest_clump_medium,
          infiniplex_forest_clump_cross, minmay_misc_feat_alley
D:3:      layout_rooms, hellmonk_ghost_happy_afterlife
D:4:      layout_rooms

Skill      XL: |  1  2  3  4  5 |
---------------+----------------+-----
Ranged Weapons | 4 5 6 |  6.8
Fighting       | |  2.0
Dodging        | |  1.7
Stealth        | |  0.7

Action                     |  1- 3 |  4- 6 || total
---------------------------+-------+-------++-------
  Melee: Sling             |       |     8 ||     8
   Fire: Sling             |   178 |   216 ||   394
 Armour: Leather armour    |     9 |    38 ||    47
  Dodge: Dodged            |    13 |    26 ||    39

Table legend: (Time is in decaauts)
 A = Elapsed time spent in this place.
 B = Non-inter-level travel time spent in this place.
 C = Inter-level travel time spent in this place.
 D = Time resting spent in this place.
 E = Time spent auto-exploring this place.
 F = Levels seen in this place.
 G = Mean time per level.
                   A        B        C        D        E       F      G
               +--------+--------+--------+--------+--------+-----+--------+
         Total |   2499 |   2314 |    185 |    189 |   1718 |   4 |  624.8 |
       Dungeon |   2499 |   2314 |    185 |    189 |   1718 |   4 |  624.8 |
               +--------+--------+--------+--------+--------+-----+--------+

Top non-repeatable levels by time:
     D:1: 896 daAuts
     D:2: 831 daAuts
     D:3: 545 daAuts
     D:4: 226 daAuts
